 Dungeon Sprint DCSS version 0.31-a0-1-g4198be8af4 (webtiles) character file.

Game seed: 14994279206933276669

6 sircluck the Ducker (level 1, -1/15 HPs)
             Began as a Felid Berserker on May 2, 2023.
             Was a Believer of Trog.
             Slain by an ufetubus (4 damage)
             ... in the Dungeon (Sprint IX: "|||||||||||||||||||||||||||||").
             The game lasted 00:00:11 (134 turns).

sircluck the Ducker (Felid Berserker)                Turns: 134, Time: 00:00:12

Health: -1/15      AC:  1    Str: 13    XL:     1   Next: 75%
Magic:  2/2        EV: 19    Int:  8    God:    Trog [**....]
Gold:   0          SH:  0    Dex: 15    Spells: 0/0 levels left
                                        Lives:  0   Deaths: 0

rFire   . .          .
                       - Unarmed
rCold   . . .        (shield unavailable)
rNeg    . . .        (body armour unavailable)
rPois   .            (helmet unavailable)
rElec   .            (cloak unavailable)
rCorr   .            (gloves unavailable)
SInv    +            (boots unavailable)
Will    .....        (no amulet) Stlth
                     (no ring)
HPRegen 0.22/turn    (no ring)
MPRegen 0.08/turn

%: no teleportation
@: berserking, very quick
A: very small, claws 1, fangs 3, see invisible, speed 1, shaggy fur 1, stealthy
paws, no weapons or thrown items, no armour, multi-lived
a: Renounce Religion, Berserk, Trog's Hand


You were in the Dungeon.
You worshipped Trog.
Trog was pleased with you.
You visited 1 branch

Inventory:

Scrolls
 f - a scroll of blinking
Potions
 a - a potion of curing
 b - a potion of heal wounds
 c - a potion of haste
 d - 2 potions of magic
 e - a potion of berserk rage


   Skills:
 + Level 3.6 Fighting
 + Level 4.9 Dodging
 + Level 3.6 Unarmed Combat


You couldn't memorise any spells.
You didn't know any spells.
Your spell library was empty.

Dungeon Overview and Level Annotations

Branches:
Dungeon (1/1)

Altars:


Innate Abilities, Weirdness & Mutations

You have sharp claws.
You have razor-sharp teeth.
You have supernaturally acute eyesight. (SInv)
You cover ground quickly. (Speed+)
You are covered in fur. (AC +1)
Your paws help you pounce on unaware monsters.
You are incapable of wielding weapons or throwing items.
You cannot wear armour.
You gain extra lives every three experience levels.


Message History

There is an open door to the Dungeon, spattered with blood here.
Items here: ( )) †.
You barely miss the bat. The bat completely misses you.
The bat closely misses you.
You scratch the bat but do no damage. The bat completely misses you.
The bat closely misses you.
You completely miss the bat. You bite the bat, but do no damage.
The bat barely misses you. The bat closely misses you.
You scratch the bat but do no damage. The bat closely misses you.
The bat barely misses you. The bat closely misses you.
You scratch the bat.
You kill the bat!
Trog accepts your kill.
You see here a bat corpse.
You start waiting.
Done waiting.
You open the door.
An ufetubus, a sleepcap, a white imp and 2 hounds come into view.
The ufetubus shouts!
The hound barks!
The ufetubus closely misses you. The ufetubus hits you.
The ufetubus attacks as you move away! The ufetubus completely misses you.
The ufetubus barely misses you.
The hound barks!
The white imp shouts, "Embrace thy fall, thou warped beetle-headed bloater!"
You see here a bat corpse.
The ufetubus attacks as you move away! The ufetubus completely misses you.
The ufetubus barely misses you. The ufetubus hits you.
Ouch! That really hurt!
The ufetubus completely misses you.
There is an open door to the Dungeon, spattered with blood here.
Items here: ( )) †.
The ufetubus attacks as you move away! The ufetubus hits you.
* * * LOW HITPOINT WARNING * * *
The ufetubus barely misses you.
There is a staircase leading out of the dungeon here.
A red film seems to cover your vision as you go berserk!
You feel yourself moving faster!
You feel mighty! The ufetubus barely misses you. The ufetubus hits you.
You die... ▓▓▓▓▓▓▓▓▓▓▓▓▓▓▓▓▓▓ ▓@5h.).f5..'h.h..+ ▓▓▓▓▓▓▓▓▓▓▓▓▓▓▓▓▓▓

You could see a sleepcap, a hound, a white imp and an ufetubus.

Vanquished Creatures
  An endoplasm (D)
  A goblin (D)
  A hobgoblin (D)
  A kobold (D)
  A bat (D)
5 creatures vanquished.

Notes
Turn   | Place    | Note
-------+----------+-------------------------------------------
     0 | D        | sircluck the Felid Berserker began the quest for the Orb.
     0 | D        | Reached XP level 1. HP: 10/10 MP: 2/2
     9 | D        | Reached ** piety under Trog
    34 | D        | Banished a spatial maelstrom
   124 | D        | Noticed a hound
   124 | D        | Noticed a sleepcap
   124 | D        | Noticed a hound
   134 | D        | Slain by an ufetubus

Illustrated notes

Levels and vault maps discovered:
D:        linesprint [early_d, line_temple, items_1, d_10, items_2, lair_1,
          lair_end, items_3, orc_1, orc_end, items_4, d_15, swamp_1, shoals_1,
          snake_1, spider_1, d_20, vaults_1, items_5, swamp_end, shoals_end,
          snake_end, spider_end, vaults_end, d_27, items_6, zot_1, zot_end,
          crypt_end, forest_end, elf_end, slime_end, tomb_end, abyss_end,
          pan_hell_end]

Action                     || total
---------------------------++-------
  Melee: Unarmed           ||    14
         Bite              ||     1
 Invoke: Berserk           ||     1
 Armour: Skin              ||     1
  Dodge: Dodged            ||    20

Table legend: (Time is in decaauts)
 A = Elapsed time spent in this place.
 B = Non-inter-level travel time spent in this place.
 C = Inter-level travel time spent in this place.
 D = Time resting spent in this place.
 E = Time spent auto-exploring this place.
 F = Levels seen in this place.
 G = Mean time per level.
                   A        B        C        D        E       F      G
               +--------+--------+--------+--------+--------+-----+--------+
         Total |    129 |    129 |      0 |    100 |      2 |   1 |  129.0 |
       Dungeon |    129 |    129 |      0 |    100 |      2 |   1 |  129.0 |
               +--------+--------+--------+--------+--------+-----+--------+

Top non-repeatable levels by time:
       D: 129 daAuts
